 Dungeon Crawl Stone Soup version 0.30-a0-1157-g2cc9ac7196 (console) character file.

Game seed: 10542297146322213739

36946 jejorda2 the Impaler (level 13, -4/105 HPs)
             Began as a Merfolk Berserker on Apr 24, 2023.
             Was a High Priest of Trog.
             Slain by a death yak (11 damage)
             ... on level 5 of the Lair of Beasts.
             The game lasted 00:34:47 (15154 turns).

jejorda2 the Impaler (Merfolk Berserker)           Turns: 15154, Time: 00:34:48

Health: -4/105     AC: 17    Str: 21    XL:     13   Next: 93%
Magic:  13/13      EV:  7    Int:  6    God:    Trog [*****.]
Gold:   1047       SH:  0    Dex: 15    Spells: 12/12 levels left

rFire   + + .        a - +5 glaive (heavy)
rCold   + + .        (shield currently unavailable)
rNeg    . . .        s - +0 plate armour
rPois   +            D - +1 helmet
rElec   +            i - scarf {rC+ rF+}
rCorr   +            F - +0 pair of gloves
SInv    .            (no boots)
Will    ++...        A - amulet of faith
Stlth   x              - +4 ring of protection
HPRegen 1.37/turn    L - ring of poison resistance
MPRegen 0.13/turn

%: faith
@: resistant, marked, strong-willed (expiring), corroded, regenerating
(expiring)
A: (nimble swimmer 2), mertail
a: Renounce Religion, Berserk, Trog's Hand, Brothers in Arms


You were on level 5 of the Lair of Beasts.
You worshipped Trog.
Trog was extremely pleased with you.
You visited 2 branches of the dungeon, and saw 15 of its levels.
You also visited: Sewer and Ossuary.

You collected 1047 gold pieces.

Inventory:

Hand Weapons
 a - a +5 heavy glaive (weapon)
 b - a +1 halberd of flaming
 H - a +1 antimagic halberd
 M - a +0 glaive
Missiles
 d - 3 javelins
 h - 90 stones (quivered)
 o - 3 throwing nets
 y - 9 boomerangs
 B - 40 poisoned darts
 E - 6 atropa-tipped darts
Armour
 i - a scarf of resistance (worn)
 s - a +0 plate armour (worn)
 D - a +1 helmet (worn)
 F - a +0 pair of gloves (worn)
Jewellery
 x - a +4 ring of protection (left hand)
 A - an amulet of faith (around neck)
 L - a ring of poison resistance (right hand)
Wands
 e - a wand of light (3)
 p - a wand of flame (55)
 q - a wand of digging (5)
 v - a wand of roots (15)
 K - a wand of paralysis (7)
Scrolls
 l - 11 scrolls of teleportation
 z - a scroll of enchant weapon
 J - a scroll of fear
Potions
 c - 5 potions of heal wounds
 f - a potion of attraction
 g - 5 potions of might
 k - 2 potions of cancellation
 m - a potion of resistance
 n - 13 potions of curing
 u - 5 potions of mutation
 w - 4 potions of haste
 C - a potion of invisibility


   Skills:
 + Level 10.9 Fighting
 - Level 20.0 Polearms
 + Level 8.3 Throwing
 + Level 8.9 Armour
 - Level 2.6 Dodging
 - Level 6.0 Evocations


You had 12 spell levels left.
You didn't know any spells.
Your spell library was empty.

Dungeon Overview and Level Annotations

Branches:
Dungeon (10/15)            Temple (0/1) D:6            Lair (5/5) D:8
 Shoals (0/4) Lair:2       Spider (0/4) Lair:2        Slime (0/5) Lair:5
    Orc (0/2) D:10          Sewer (visited)         Ossuary (visited)

Altars:
Ashenzari
Cheibriados
Dithmenos
Kikubaaqudgha
Ru
Uskayaw
Vehumet

Shops:
D:9 (

Portals:
Ice
Cave: Lair:5

Annotations:
D:8 exclusion: statue


Innate Abilities, Weirdness & Mutations

((You are very nimble when in or above water. (Stealth+, EV+, Speed+++)))
Your lower body shifts to a powerful aquatic tail in water.


Message History

Unknown command.
Unknown command.
You slash the death yak!
Flame seeps out of the death yak.
The death yak is heavily wounded.
You are engulfed in blazing flames.
You resist.
A water moccasin comes into view.
The komodo dragon is engulfed in blazing flames.
Flame seeps out of the komodo dragon.
The five-headed hydra is engulfed in blazing flames.
Flame seeps out of the five-headed hydra.
The dream sheep is engulfed in blazing flames.
The death yak is engulfed in blazing flames.
Flame seeps out of the death yak.
The death yak gores you!
* * * LOW HITPOINT WARNING * * *
A death yak comes into view.
The dream sheep is engulfed in blazing flames.
Trog accepts your kill.
The dream sheep explodes!
The fiery explosion engulfs you! You resist.
* * * LOW HITPOINT WARNING * * *
The fiery explosion engulfs the dream sheep!!!
You kill the dream sheep!
Trog accepts your kill.
The fiery explosion engulfs the death yak!
Flame seeps out of the death yak.
The death yak is severely wounded.
The fiery explosion engulfs the komodo dragon!!
Trog accepts your kill.
The komodo dragon explodes!
The fiery explosion engulfs the skyshark!!
Flame seeps out of the skyshark.
The skyshark is almost dead.
The fiery explosion engulfs you! You resist.
* * * LOW HITPOINT WARNING * * *
The fiery explosion engulfs the death yak!!
Flame seeps out of the death yak.
The death yak is severely wounded.
The death yak is engulfed in blazing flames.
Flame seeps out of the death yak.
The death yak gores you!
You die...

,,,,***,,,.##).............,,,,,,
,,,,,,,,,..................,,,,,,
,,,,,,*,,..................,,,,,,
,,,,**,,,...F......<.$#,.,,,,,**,
,,,,**,,,.......§§§§§.#.#.,,*,,,,
*,,,,,,,,....§§☼§§§.§§.....,,,,,,
,,,,,,,,,....§.§§§§§☼§.....,,,,,,
,,,,,,,,,..§§§§§§l☼☼§§.....,,,,,,
,,,,,,,,,..§§§☼§@YD§§§.....,,,,,,
,**,,,,*,###§§§Y##§YY..#...,,*,*,
,*,,,,,,*,*#.#.§,##Y...P...,,,**,
,,,,,,,,*,......,,..lY.Y...,,,*,,
,,,,,,,,,....#..,,,.......,,,,,,,
,,,,,,,,,...#.#.,,,.......,,,,,,,
,,,,,,,,,..#.∩.#,,,,.....,,,***,,
**,*,,,,,..,#)#,,,,,*,,,,,,** **,
****,,,,,,,,,*,,,,,,,,*,,,,****,,


You could see 4 death yaks, a catoblepas, a skyshark (inner flame), a
five-headed hydra (inner flame), 2 yaks, a cane toad and a basilisk.

Vanquished Creatures
  Gastronok (Lair:1)
  A hydra (D:8)
  Erica (Lair:1)
  Joseph (Lair:1)
  2 merfolk sirens (Lair:2)
  12 elephants
  2 black mambas (Lair:1)
  10 cane toads
  8 komodo dragons
  2 rime drakes
  2 polar bears
  A hornet (Lair:2)
  A troll (D:8)
  2 merfolk (Lair:2)
  7 blink frogs
  9 dream sheep
  A slime creature (Lair:5)
  A shadow (D:9)
  A wraith (D:10)
  41 yaks
  Eustachio (D:6)
  2 basilisks
  5 wyverns
  A steam dragon (D:10)
  4 wargs (D:10)
  Menkaure (D:4)
  13 water moccasins
  2 orc warriors
  3 black bears
  Duvessa (D:5)
  3 ogres
  21 wolves
  5 centaurs
  4 kobold brigands
  An elf zombie (Ossuary)
  13 bullfrogs
  2 gnoll sergeants
  5 scorpions
  32 wights
  Dowan (D:5)
  5 killer bees (D:9)
  3 electric eels
  2 howler monkeys
  2 centaur zombies (Ossuary)
  7 jellies
  A gnoll bouda (D:8)
  8 orc priests
  6 hounds
  2 sleepcaps
  6 iguanas
  7 orc wizards
  Natasha (thrice) (D:3)
  A hell rat (Sewer)
  Robin (D:2)
  2 mummies (Ossuary)
  18 gnolls
  7 adders
  3 river rats
  A white imp (D:5)
  2 ufetubi
  A worm (D:5)
  A dart slug (D:3)
  31 orcs
  10 bats
  11 endoplasms
  7 giant cockroaches
  9 goblins
  7 hobgoblins
  6 jackals
  6 kobolds
  6 quokkas
  7 ball pythons
  3 frilled lizards
  3 goblin zombies (Ossuary)
  11 hobgoblin zombies (Ossuary)
  A jackal zombie (Ossuary)
  9 kobold zombies (Ossuary)
  7 orc zombies (Ossuary)
  21 rats
  3 rat zombies (Ossuary)
473 creatures vanquished.

Vanquished Creatures (collateral kills)
  A two-headed ogre (D:8)
  2 cane toads (Lair:5)
  5 yaks (Lair:5)
  A basilisk (Lair:5)
  A hound (D:8)
10 creatures vanquished.

Vanquished Creatures (others)
  An orc wizard (D:8)
  2 orcs (D:8)
  7 fungi
  12 plants
22 creatures vanquished.

Grand Total: 505 creatures vanquished

Notes
Turn   | Place    | Note
-------+----------+-------------------------------------------
     0 | D:1      | jejorda2 the Merfolk Berserker began the quest for the Orb.
     0 | D:1      | Reached XP level 1. HP: 18/18 MP: 1/1
   155 | D:1      | Reached XP level 2. HP: 24/24 MP: 2/2
   318 | D:1      | Reached skill level 5 in Polearms
   455 | D:1      | Reached XP level 3. HP: 30/30 MP: 3/3
   601 | D:1      | Reached ** piety under Trog
   958 | D:2      | Noticed Robin
  1156 | D:2      | Killed Robin
  1157 | D:2      | Reached XP level 4. HP: 37/37 MP: 4/4
  1459 | D:2      | Reached skill level 6 in Polearms
  1899 | D:3      | Reached XP level 5. HP: 43/43 MP: 5/5
  2260 | D:3      | Noticed Natasha
  2266 | D:3      | Reached *** piety under Trog
  2275 | D:3      | Killed Natasha
  2276 | D:3      | Reached skill level 7 in Polearms
  2345 | D:3      | Noticed Natasha
  2366 | D:3      | Killed Natasha
  2635 | D:3      | Noticed Natasha
  2643 | D:3      | Killed Natasha
  2644 | D:3      | Reached XP level 6. HP: 41/49 MP: 6/6
  2735 | D:3      | Found a broken altar of Ashenzari.
  2913 | D:4      | Noticed a black bear
  2927 | D:4      | Killed a black bear
  2928 | D:4      | Reached skill level 8 in Polearms
  3018 | D:4      | Reached XP level 7. HP: 24/55 MP: 7/7
  3145 | D:4      | Found a shadowy altar of Dithmenos.
  3148 | D:4      | Found a snail-covered altar of Cheibriados.
  3152 | D:4      | Found a hide-covered altar of Uskayaw.
  3182 | D:4      | Noticed Menkaure
  3191 | D:4      | Killed Menkaure
  3192 | D:4      | Reached skill level 9 in Polearms
  3637 | D:5      | Entered Level 5 of the Dungeon
  3637 | D:5      | Noticed Dowan
  3640 | D:5      | Noticed Duvessa
  3651 | D:5      | Killed Dowan
  3652 | D:5      | Reached skill level 10 in Polearms
  3659 | D:5      | Killed Duvessa
  3660 | D:5      | Reached XP level 8. HP: 31/61 MP: 8/8
  3707 | D:5      | Found a glowing drain.
  3775 | Sewer    | Entered a sewer
  3902 | D:5      | Reached skill level 11 in Polearms
  4607 | D:6      | Found a sand-covered staircase.
  4613 | Ossuary  | Entered an ossuary
  4688 | Ossuary  | Reached **** piety under Trog
  4779 | Ossuary  | Reached skill level 12 in Polearms
  4921 | D:6      | Reached XP level 9. HP: 66/66 MP: 9/9
  5045 | D:6      | Noticed Eustachio
  5073 | D:6      | Killed Eustachio
  5074 | D:6      | Reached skill level 13 in Polearms
  5221 | D:6      | Reached skill level 5 in Armour
  5358 | D:6      | Found a staircase to the Ecumenical Temple.
  5413 | D:6      | Found a sacrificial altar of Ru.
  5711 | D:7      | Reached skill level 14 in Polearms
  5760 | D:7      | Found an ancient bone altar of Kikubaaqudgha.
  5768 | D:7      | Reached ***** piety under Trog
  6386 | D:7      | Reached XP level 10. HP: 73/73 MP: 3/10
  6740 | D:8      | Reached skill level 15 in Polearms
  6771 | D:8      | Reached skill level 16 in Polearms
  6774 | D:8      | Noticed a two-headed ogre
  6783 | D:8      | Killed a two-headed ogre
  6943 | D:8      | Reached skill level 17 in Polearms
  7088 | D:8      | Found a radiant altar of Vehumet.
  7110 | D:8      | Found a staircase to the Lair.
  7273 | D:8      | Reached skill level 18 in Polearms
  7633 | D:8      | Received a gift from Trog
  7653 | D:8      | Reached XP level 11. HP: 76/78 MP: 4/11
  7834 | D:8      | Reached skill level 1 in Evocations
  8034 | D:8      | Noticed a three-headed hydra
  8042 | D:8      | Killed a three-headed hydra
  8043 | D:8      | Reached skill level 5 in Fighting
  8775 | D:9      | Reached skill level 19 in Polearms
  8897 | D:9      | Found Culadul's Weapon Boutique.
  9392 | D:10     | Entered Level 10 of the Dungeon
  9413 | D:10     | Found a staircase to the Orcish Mines.
 10576 | Lair:1   | Entered Level 1 of the Lair of Beasts
 10576 | Lair:1   | Noticed Gastronok
 10586 | Lair:1   | Killed Gastronok
 10587 | Lair:1   | Reached skill level 20 in Polearms
 10589 | Lair:1   | Reached skill level 5 in Evocations
 10646 | Lair:1   | Reached XP level 12. HP: 66/88 MP: 12/12
 10724 | Lair:1   | Noticed Joseph
 10736 | Lair:1   | Reached skill level 1 in Throwing
 10746 | Lair:1   | Killed Joseph
 11476 | Lair:1   | Found the +0 toga "Victory" {*Victory Clar}
 11548 | Lair:1   | Noticed Erica
 11559 | Lair:1   | Killed Erica
 11934 | Lair:2   | Reached skill level 5 in Throwing
 12353 | Lair:2   | Found a hole to the Spider Nest.
 12420 | Lair:2   | Received a gift from Trog
 12435 | Lair:2   | Reached XP level 13. HP: 48/100 MP: 13/13
 12567 | Lair:2   | Found a staircase to the Shoals.
 14448 | Lair:4   | Reached skill level 10 in Fighting
 15130 | Lair:5   | Entered Level 5 of the Lair of Beasts
 15147 | Lair:5   | Found a frozen archway.
 15154 | Lair:5   | Slain by a death yak

Illustrated notes

Levels and vault maps discovered:
D:1:      scummos_arrival_gate, layout_loops_corners, minmay_hexomino_c4
D:2:      layout_loops_ring, uniq_robin
D:3:      wander_river, layout_loops_ring, lemuel_tele_altar,
          grunt_ministairs_10, minmay_ruptured, uniq_natasha
D:4:      layout_cave_pools, grunt_temple_overflow_diamond, uniq_menkaure
D:5:      layout_loops_cross, portal_sewer_entry_c, uniq_duvessa
D:6:      layout_rooms, kennysheep_mini, temple_green, enter_ossuary_2,
          minmay_holes, kennysheep_generic_room_2, uniq_eustachio
D:7:      layout_gridville, kiku_gazebo_garden_becter, reono_crystal_passage
D:8:      layout_loops_cross, vehumet_statue, erik_lair_island,
          corexii_leaking_fountain, hangedman_ranch
D:9:      layout_basic, serial_shops, shop
D:10:     layout_loops_corners, minmay_orc_entry_guard_dogs
Lair:1:   layout_misc_corridors, grunt_megastairs_5, uniq_joseph,
          uniq_gastronok, uniq_erica
Lair:2:   layout_gridlike, elwin_shoals_entry_stream, dummy_spider_entry,
          chequers_serial_rivers_marsh, serial_bayou_shore_a
Lair:3:   layout_layer_cave, beast_lair_carwin_7
Lair:4:   layout_big_grid, fungi_pond_lemuel, lemuel_fruit_tree,
          grunt_megastairs_1
Lair:5:   evilmike_catoblepas_cave, layout_small_grid,
          minmay_slime_entry_pillars, portal_ice_cave_entry_pillars_2

Skill      XL: |  1  2  3  4  5  6  7  8  9 10 11 12 13 |
---------------+----------------------------------------+-----
Polearms       | 5 6 7 8 10 12 14 18 20 | 20.0
Fighting       | 4 6 8 10 | 10.9
Armour         | 2 3 4 5 6 7 8 |  8.9
Evocations     | 5 6 |  6.0
Throwing       | 5 8 |  8.3
Dodging        | |  2.6

Action                     |  1- 3 |  4- 6 |  7- 9 | 10-12 | 13-15 || total
---------------------------+-------+-------+-------+-------+-------++-------
  Melee: Spear             |   108 |   243 |     5 |       |       ||   356
         Punch             |       |     3 |     2 |       |       ||     5
         Trident           |       |       |   369 |     6 |       ||   375
         Halberd           |       |       |   137 |   404 |       ||   541
         Tailslap          |       |       |       |     3 |     4 ||     7
         Glaive            |       |       |       |   155 |   164 ||   319
  Throw: Stone             |     1 |     3 |     4 |     9 |    18 ||    35
 Invoke: Berserk           |     2 |     4 |     6 |    10 |     1 ||    23
         Trog's Hand       |       |     2 |     4 |     5 |     4 ||    15
         Brothers in Arms  |       |       |       |     1 |     1 ||     2
  Evoke: Wand              |       |       |     4 |       |       ||     4
    Use: Scroll            |       |       |    17 |     5 |     6 ||    28
         Potion            |       |       |       |       |     1 ||     1
   Stab: Sleeping          |     2 |     1 |       |       |       ||     3
 Armour: Animal skin       |    10 |       |       |       |       ||    10
         Leather armour    |     4 |    11 |       |       |       ||    15
         Ring mail         |       |     2 |       |       |       ||     2
         Plate armour      |       |    86 |   200 |   245 |   113 ||   644
         Scale mail        |       |     1 |       |       |       ||     1
  Dodge: Dodged            |    49 |    77 |    95 |   139 |    52 ||   412

Table legend: (Time is in decaauts)
 A = Elapsed time spent in this place.
 B = Non-inter-level travel time spent in this place.
 C = Inter-level travel time spent in this place.
 D = Time resting spent in this place.
 E = Time spent auto-exploring this place.
 F = Levels seen in this place.
 G = Mean time per level.
                   A        B        C        D        E       F      G
               +--------+--------+--------+--------+--------+-----+--------+
         Total |  14977 |  14330 |    647 |    981 |  10719 |  17 |  881.0 |
       Dungeon |  10277 |   9688 |    589 |    683 |   7254 |  10 | 1027.7 |
          Lair |   4378 |   4321 |     57 |    298 |   3353 |   5 |  875.6 |
         Sewer |     88 |     88 |      0 |      0 |     29 |   1 |   88.0 |
       Ossuary |    232 |    232 |      0 |      0 |     82 |   1 |  232.0 |
               +--------+--------+--------+--------+--------+-----+--------+

Top non-repeatable levels by time:
     D:8: 1589 daAuts
  Lair:3: 1275 daAuts
  Lair:2: 1256 daAuts
     D:9: 1193 daAuts
     D:7: 1182 daAuts
    D:10: 1083 daAuts
  Lair:1: 1069 daAuts
     D:1: 1000 daAuts
     D:2: 931 daAuts
     D:5: 914 daAuts
     D:3: 895 daAuts
     D:4: 806 daAuts
  Lair:4: 752 daAuts
     D:6: 679 daAuts
 Ossuary: 232 daAuts
